 Dungeon Crawl Stone Soup version 0.28.0-53-g5a82cb258f (console) character file.

Game seed: 5871124530914303801

86 erker the Sneak (level 4, -1/28 HPs)
             Began as an Octopode Transmuter on July 10, 2022.
             Slain by an orc
             ... wielding a +0 whip
              (6 damage)
             ... on level 3 of the Dungeon.
             The game lasted 00:04:01 (2372 turns).

erker the Sneak (Octopode Transmuter)               Turns: 2372, Time: 00:04:01

Health: -1/28      AC:  1    Str:  9    XL:     4   Next: 50%
Magic:  5/7        EV: 13    Int: 17    God:
Gold:   143        SH:  0    Dex: 12    Spells: 2/7 levels left

rFire   . . .      SeeInvis .     - Unarmed
rCold   . . .      Faith    .   (no shield)
rNeg    . . .      Spirit   .   (helmet currently unavailable)
rPois   .          Reflect  .   (no amulet)
rElec   .          Harm     .   (no ring)
rCorr   .          Rampage  .   (no ring)
Will    .....                   (no ring)
Stlth   +++.......              (no ring)
HPRegen 0.09/turn               (no ring)
MPRegen 0.10/turn               (no ring)
                                (no ring)
                                (no ring)

@: appendages (expiring)
A: tentacle spike 3, almost no armour, amphibious, 8 rings, camouflage 1,
gelatinous body 1, (nimble swimmer 1), tentacles
a: End Transformation


You were on level 3 of the Dungeon.
One of your tentacles had grown a beastly spike.
You visited 1 branch of the dungeon, and saw 3 of its levels.

You collected 143 gold pieces.

Inventory:

Missiles
 b - 60 stones
Jewellery
 g - a ring of positive energy
Scrolls
 a - a scroll of blinking {unknown}
 c - a scroll of fog {unknown}
 d - a scroll of enchant weapon {unknown}
 f - 2 scrolls of identify {unknown}
Potions
 e - a potion of curing {unknown}


   Skills:
 - Level 1.0 Fighting
 - Level 2.0 Dodging
 - Level 4.0 Stealth
 - Level 3.0 Unarmed Combat
 - Level 2.0 Spellcasting
 + Level 3.5 Transmutations


You had 2 spell levels left.
You knew the following spells:

 Your Spells              Type           Power      Damage    Failure   Level
a - Beastly Appendage     Tmut           26%        N/A       4%          1
y - Ice Form              Ice/Tmut       7%         N/A       67%         4

Your spell library contained the following spells:

 Spells                   Type           Power      Damage    Failure   Level
 Wereblood                Tmut           13%        N/A       7%          2
 Spider Form              Tmut/Pois      7%         N/A       28%         3


Dungeon Overview and Level Annotations

Branches:
Dungeon (3/15)

Altars:

Annotations:
D:2 1 runed translucent door, Crazy Yiuf
D:3 Terence


Innate Abilities, Weirdness & Mutations

One of your tentacles has grown a beastly spike.
You cannot wear most types of armour.
You are amphibious.
You can wear up to eight rings at the same time.
Your skin changes colour to match your surroundings (Stealth+).
Your rubbery body absorbs attacks. (AC +1, EV +1)
((You are camouflaged when in or above water. (Stealth+)))
You have tentacles for arms and can constrict up to eight enemies at once.


Message History

The orc hits you with a +0 hand axe.
Casting: Beastly Appendage (safe; 5% risk of failure)
Confirm with . or Enter, or press ? or * to list all spells.
You extend your transformation's duration.
The orc hits you with a +0 hand axe.
You tentacle-slap the orc.
You kill the orc!
The orc wizard hits you with a +0 dagger.
Items here: )) [ †.
You miss the orc wizard. Your grab misses the orc wizard.
You pierce the orc wizard, but do no damage.
The orc wizard casts a spell at you. The magic dart hits you.
* * * LOW HITPOINT WARNING * * *
You tentacle-slap the orc wizard but do no damage.
You grab the orc wizard.
You pierce the orc wizard, but do no damage.
You constrict the orc wizard. The orc wizard completely misses you.
You tentacle-slap the orc wizard.
Your tentacle spike misses the orc wizard.
You squeeze the orc wizard.
The orc wizard is heavily wounded.
You constrict the orc wizard. The orc wizard misses you.
Your magical contamination has completely faded away.
You tentacle-slap the orc wizard but do no damage.
You pierce the orc wizard.
You squeeze the orc wizard, but do no damage.
The orc wizard is almost dead.
You constrict the orc wizard, but do no damage.
The orc wizard closely misses you.
You tentacle-slap the orc wizard.
You kill the orc wizard!
The orc shouts! x2; You hear a shout! x2
An orc comes into view. It is wielding a +0 hand axe.
Your transformation is almost over.
Terence the Incautious comes into view.
He is wielding a +0 mace.
There is a stone staircase leading up here.
The orc wizard shouts!
The orc hits you with a +0 whip.
You die...

. .. @## ...
#... .[. #.o#
#.######...
###...#..o.#
.......o.o.#
.....(.@#
#....##o# ###
#.## .
###..#######....
#.......))......
#.#.#.#####...##
##..... ##
#.#.... #####..#


You could see Terence, an orc wizard and 4 orcs.

Vanquished Creatures
  An orc wizard (D:3)
  An adder (D:2)
  2 dart slugs
  2 orcs (D:3)
  3 bats (D:1)
  3 endoplasms (D:1)
  2 giant cockroaches (D:1)
  3 goblins (D:1)
  2 hobgoblins (D:1)
  4 jackals (D:1)
  7 kobolds
  4 quokkas (D:1)
  2 ball pythons (D:2)
  2 frilled lizards (D:1)
  6 rats
44 creatures vanquished.

Notes
Turn   | Place    | Note
-------+----------+-------------------------------------------
     0 | D:1      | erker the Octopode Transmuter began the quest for the Orb.
     0 | D:1      | Reached XP level 1. HP: 13/13 MP: 3/3
    85 | D:1      | Reached skill level 1 in Stealth
   198 | D:1      | Reached skill level 2 in Stealth
   328 | D:1      | Reached XP level 2. HP: 18/18 MP: 3/5
   388 | D:1      | Reached skill level 3 in Stealth
   637 | D:1      | Reached XP level 3. HP: 22/23 MP: 3/6
   660 | D:1      | Reached skill level 4 in Stealth
  1930 | D:2      | Found a runed translucent door.
  1931 | D:2      | Noticed Crazy Yiuf
  2071 | D:2      | Reached XP level 4. HP: 20/28 MP: 7/7
  2198 | D:2      | Learned a level 4 spell: Ice Form
  2371 | D:3      | Noticed Terence
  2372 | D:3      | Slain by an orc

Illustrated notes

Levels and vault maps discovered:
D:1:      lemuel_arrival_hallway, layout_loops_ring, minmay_stone_trees_small,
          minmay_vboxes
D:2:      layout_loops_ring, minmay_strange_pillars, uniq_crazy_yiuf_cottage
D:3:      layout_rooms, ebering_ghost_reflecting_pool, kennysheep_potato,
          uniq_natasha, uniq_terence

Skill      XL: |  1  2  3  4 |
---------------+-------------+-----
Stealth        | 2 3 4 |  4.0
Transmutations | 3 |  3.5
Fighting       | |  1.0
Dodging        | |  2.0
Unarmed Combat | |  3.0
Spellcasting   | |  2.0

Action                   |  1- 3 |  4- 6 || total
-------------------------+-------+-------++-------
Melee: Unarmed           |    99 |    12 ||   111
       Constrict         |    24 |     2 ||    26
       Kick              |    24 |     6 ||    30
       Tentacles         |    13 |     2 ||    15
       Punch             |     3 |       ||     3
 Cast: Beastly Appendage |    37 |     2 ||    39
 Stab: Sleeping          |     4 |       ||     4
Armor: Skin              |    14 |       ||    14
Dodge: Dodged            |    59 |     5 ||    64
